 Dungeon Crawl Stone Soup version 0.24-a0-251-g44e327e (webtiles) character file.

Game seed: 12110908963782122066

183 Ijustatesigmund the Chopper (level 5, -1/37 HPs)
             Began as an Octopode Fighter on Apr 16, 2019.
             Slain by Grinder (2 damage)
             ... on level 3 of the Dungeon.
             The game lasted 00:03:11 (2433 turns).

Ijustatesigmund the Chopper (Octopode Fighter)      Turns: 2433, Time: 00:03:12

Health: -1/37      AC:  1    Str: 16    XL:     5   Next: 62%
Magic:  5/5        EV: 12    Int: 10    God:
Gold:   56         SH:  9    Dex: 12    Spells: 4/4 levels left

rFire    . . .     SeeInvis .   a - +0 war axe
rCold    . . .     Gourm    .   b - +0 shield
rNeg     . . .     Faith    .   (helmet restricted)
rPois    .         Spirit   .   (no amulet)
rElec    .         Reflect  .   e - ring of resist corrosion
rCorr    +         Harm     .   (no ring)
MR       .....                  (no ring)
Stlth    ++........             (no ring)
HPRegen  0.12/turn              (no ring)
MPRegen  0.09/turn              (no ring)
                                (no ring)
                                (no ring)

@: no status effects
A: almost no armour, stealthy swim, amphibious, 8 rings, constrict 8, camouflage
1, gelatinous body 1
a: no special abilities


You were on level 3 of the Dungeon.
You were not hungry.

You visited 1 branch of the dungeon, and saw 3 of its levels.

You collected 56 gold pieces.

Inventory:

Hand Weapons
 a - a +0 war axe (weapon)
Armour
 b - a +0 shield (worn)
Jewellery
 e - a ring of resist corrosion (left tentacle)
Scrolls
 i - a scroll of teleportation {unknown}
 l - a scroll of enchant armour {unknown}
 n - a scroll of identify {unknown}
Potions
 c - 3 potions of might
 f - 3 potions of curing {unknown}
 g - 2 potions of flight {unknown}
 h - a potion of mutation {unknown}
 j - a potion of berserk rage {unknown}
 k - a potion of heal wounds {unknown}
 m - a potion of haste {unknown}
Comestibles
 d - a ration


   Skills:
 + Level 4.1 Fighting
 + Level 4.3 Axes
 + Level 3.3 Dodging
 + Level 3.3 Shields


You had 4 spell levels left.
You didn't know any spells.
Your spell library was empty.

Dungeon Overview and Level Annotations

Branches:
Dungeon (3/15)

Altars:
Sif Muna
Vehumet
Zin

Annotations:
D:3 Grinder


Innate Abilities, Weirdness & Mutations

You cannot wear most types of armour.
You are very stealthy in the water. (Stealth+)
You are amphibious.
You can wear up to eight rings at the same time.
You can use your tentacles to constrict eight enemies at once.
Your skin changes colour to match your surroundings (Stealth+).
Your rubbery body absorbs attacks. (AC +1, EV +1)


Message History

Grinder shouts!
You grab Grinder. You squeeze Grinder.
Grinder is lightly wounded.
You constrict Grinder, but do no damage.
You hear a shout!
You hear an angry hiss.
Grinder hits you.
You slash Grinder!
Grinder is moderately wounded.
You constrict Grinder. Grinder gestures at you. Pain shoots through your body!
A goblin comes into view.
You hit Grinder.
Grinder is heavily wounded.
You constrict Grinder. Grinder hits you!
You writhe in agony.
* * * LOW HITPOINT WARNING * * *
Grinder hits you!
* * * LOW HITPOINT WARNING * * *
You writhe in agony.
You die...

# .#
###g
#.. #5#
#@# #.#
#.#
#####.#
#.....#
#.#####
#.# #.#
#.#


You could see Grinder and a goblin.

Vanquished Creatures
  Jessica (D:2)
  An orc wizard (D:2)
  A worker ant (D:2)
  Robin (D:3)
  An adder (D:2)
  An ooze (D:2)
  2 worms (D:2)
  A leopard gecko (D:3)
  3 orcs
  2 giant cockroaches (D:2)
  12 goblins
  6 hobgoblins
  7 jackals
  7 kobolds
  2 quokkas (D:2)
  4 ball pythons
  10 bats
  3 frilled lizards (D:1)
  4 rats
69 creatures vanquished.

Notes
Turn   | Place    | Note
-------+----------+-------------------------------------------
     0 | D:1      | Ijustatesigmund the Octopode Fighter began the quest for
                  | the Orb.
     0 | D:1      | Reached XP level 1. HP: 16/16 MP: 1/1
   343 | D:1      | Reached XP level 2. HP: 21/21 MP: 2/2
   832 | D:2      | Reached XP level 3. HP: 26/26 MP: 3/3
   931 | D:2      | Noticed Jessica
   934 | D:2      | Killed Jessica
   934 | D:2      | Reached XP level 4. HP: 25/33 MP: 4/4
  1045 | D:2      | Found a radiant altar of Vehumet.
  1323 | D:2      | Reached XP level 5. HP: 30/37 MP: 5/5
  1353 | D:2      | Found a deep blue altar of Sif Muna.
  1353 | D:2      | Found a glowing silver altar of Zin.
  1489 | D:3      | Noticed Robin
  1857 | D:3      | Killed Robin
  2429 | D:3      | Noticed Grinder
  2433 | D:3      | HP: 1/37 [Grinder (7)]
  2433 | D:3      | Slain by Grinder

Levels and vault maps discovered:
D:1:      tarquinn_simple_flora_water_a, layout_loops_cross, chequers_arboretum
D:2:      layout_loops_ring, gammafunk_temple_overflow_pools,
          nicolae_overflow_crystal_walls, uniq_jessica
D:3:      cheibrodos_pilgrimage, layout_basic, uniq_robin, uniq_grinder

Skill      XL: |  1  2  3  4  5 |
---------------+----------------+-----
Axes           | 3 4 |  4.3
Fighting       | 4 |  4.1
Dodging        | |  3.3
Shields        | |  3.3

Action                   |  1- 3 |  4- 6 || total
-------------------------+-------+-------++-------
Melee: War axe           |    54 |    61 ||   115
       Constrict         |    22 |    19 ||    41
       Tentacles         |    14 |    10 ||    24
 Stab: Sleeping          |     7 |     2 ||     9
  Eat: Chunk             |       |     5 ||     5
Armor: Skin              |    16 |     4 ||    20
Dodge: Dodged            |    22 |    29 ||    51
Block: Shield            |    25 |    41 ||    66

Table legend:
 A = Non-vault XP
 B = Vault XP
 C = Vault XP percentage of total XP
 D = Non-vault monster count
 E = Vault monster count
 F = Vault count percentage of total count
                 A         B        C        D         E       F
            +---------+---------+-------+---------+---------+-------
      Total |     188 |      74 |  28.2 |      56 |      13 |  18.8
            +---------+---------+-------+---------+---------+-------
        D:1 |      32 |       0 |   0.0 |      21 |       0 |   0.0
        D:2 |     148 |      54 |  26.7 |      32 |      10 |  23.8
        D:3 |       8 |      20 |  71.4 |       3 |       3 |  50.0
            +---------+---------+-------+---------+---------+-------
